 Dungeon Crawl Stone Soup version 0.21.1-1-g345015fe64 (webtiles) character file.

249 DildoBatman the Conjurer (level 6, -2/38 HPs)
             Began as an Octopode Wizard on June 24, 2018.
             Slain by a bullfrog skeleton (6 damage)
             ... on level 4 of the Dungeon on June 25, 2018.
             The game lasted 00:10:34 (3135 turns).

DildoBatman the Conjurer (Octopode Wizard)          Turns: 3135, Time: 00:10:34

Health: -2/38      AC:  1    Str:  6    XL:     6   Next: 12%
Magic:  8/10       EV: 13    Int: 22    God:
Gold:   148        SH:  0    Dex: 11    Spells: 3/11 levels left

rFire    . . .     SeeInvis .   a - +4 Vampire's Tooth {vamp}
rCold    . . .     Gourm    .   (no shield)
rNeg     . . .     Faith    .   z - +0 hat
rPois    .         Spirit   .   (no amulet)
rElec    .         Reflect  .   (no ring)
rCorr    .         Harm     .   (no ring)
MR       .....                  (no ring)
Stlth    +++.......             (no ring)
HPRegen  0.12/turn              (no ring)
MPRegen  0.12/turn              (no ring)
                                (no ring)
                                (no ring)

@: no status effects
A: almost no armour, stealthy swim, amphibious, 8 rings, constrict 8, camouflage
1, gelatinous body 1
a: no special abilities


You were on level 4 of the Dungeon.
You were not hungry.

You visited 1 branch of the dungeon, and saw 4 of its levels.

You collected 148 gold pieces.

Inventory:

Hand Weapons
 a - the +4 Vampire's Tooth (weapon) {vamp}
   (You found it on level 4 of the Dungeon)

   It inflicts no extra harm, but heals its wielder when it wounds a living foe.
Missiles
 e - 158 stones (quivered)
 h - 43 bolts
 j - 38 poisoned needles
 m - 11 tomahawks
 r - 4 curare-tipped needles
 t - 43 arrows
Armour
 z - a +0 hat (worn)
Wands
 o - a wand of flame (25)
 A - a wand of scattershot (6)
Scrolls
 n - a scroll of fog
 p - a scroll of enchant weapon
 s - 2 scrolls of identify
 u - a scroll of blinking
 w - a scroll of enchant armour
 x - a scroll of remove curse
 y - a scroll of magic mapping {unknown}
Potions
 c - 3 potions of curing {unknown}
 d - a potion of invisibility {unknown}
 g - a potion of haste {unknown}
 i - 2 potions of flight {unknown}
 k - a potion of might {unknown}
 l - a potion of cancellation {unknown}
 q - a potion of magic {unknown}
Books
 b - a book of Minor Magic

   Spells                             Type                      Level
   a - Magic Dart                     Conjuration                  1
   b - Blink                          Translocation                2
   c - Call Imp                       Summoning                    2
   d - Slow                           Hexes                        2
   e - Conjure Flame                  Conjuration/Fire             3
   f - Mephitic Cloud                 Conjuration/Poison/Air       3
Comestibles
 f - 9 chunks of flesh
 v - 9 rations


   Skills:
 * Level 1.3 Fighting
 * Level 0.1 Short Blades
   Level 0.8 Maces & Flails
 * Level 2.4 Dodging
 * Level 3.4 Stealth
 - Level 3.0 Spellcasting
 - Level 4.0 Conjurations
   Level 1.0 Summonings
 - Level 1.0 Translocations
 - Level 1.0 Air Magic
 * Level 1.1 Poison Magic
 * Level 2.4 Evocations


You had 3 spell levels left.
You knew the following spells:

 Your Spells              Type           Power        Failure   Level  Hunger
a - Slow                  Hex            #.......     19%         2    ##.....
c - Magic Dart            Conj           ###.         2%          1    None
e - Mephitic Cloud        Conj/Pois/Air  ##......     16%         3    ###....
h - Blink                 Tloc           N/A          12%         2    ##.....


Dungeon Overview and Level Annotations

Branches:
Dungeon (4/15)
 Temple: D:4-7

Altars:

Annotations:
D:4 exclusion: phantom


Innate Abilities, Weirdness & Mutations

You cannot wear most types of armour.
You are very stealthy in the water. (Stealth+)
You are amphibious.
You can wear up to eight rings at the same time.
You can use your tentacles to constrict eight enemies at once.
Your skin changes colour to match your surroundings (Stealth+).
Your rubbery body absorbs attacks. (AC +1, EV +1)


Message History

Casting: Magic Dart
Confirm with . or Enter, or press ? or * to list all spells.
Aiming: Magic Dart
Press: ? - help, Shift-Dir - straight line, f - bullfrog skeleton
Aim: a bullfrog skeleton (heavily damaged, constricted by you)
The magic dart hits the bullfrog skeleton.
The bullfrog skeleton is severely damaged.
You constrict the bullfrog skeleton.
The bullfrog skeleton barely misses you.
The bullfrog skeleton hits you.
Casting: Magic Dart
Confirm with . or Enter, or press ? or * to list all spells.
Aiming: Magic Dart
Press: ? - help, Shift-Dir - straight line, f/p - bullfrog skeleton
Aim: a bullfrog skeleton (severely damaged, constricted by you)
The magic dart hits the bullfrog skeleton.
The bullfrog skeleton is almost destroyed.
You constrict the bullfrog skeleton. The bullfrog skeleton hits you.
You die...

### ..# #g# #Z# ...## #@# .....
#####+#)# .... # #.....g.# ....
#. #.......#.# # #+#+#.#.
#.######.......#.#.#####.#.#.#.
#...[..........#.#.......#.#.#.
#...>..................[.......
#..........####..#######...#.#.
#................#######...#.#.


You could see 2 goblins and a bullfrog skeleton.

Vanquished Creatures
  2 vampire bats (D:4)
  Robin (D:4)
  2 adders
  A gnoll (D:1)
  An ooze (D:1)
  An adder skeleton (D:4)
  3 worms
  2 dart slugs
  A leopard gecko (D:1)
  12 orcs
  15 bats
  5 giant cockroaches
  17 goblins
  8 hobgoblins
  7 jackals
  10 kobolds
  5 frilled lizards
  7 rats
100 creatures vanquished.

Notes
Turn   | Place    | Note
-------+----------+-------------------------------------------
     0 | D:1      | DildoBatman the Octopode Wizard began the quest for the Orb.
     0 | D:1      | Reached XP level 1. HP: 11/11 MP: 4/4
   251 | D:1      | Reached skill level 2 in Conjurations
   251 | D:1      | Reached XP level 2. HP: 17/17 MP: 3/6
   572 | D:1      | Reached XP level 3. HP: 9/21 MP: 4/7
   576 | D:1      | Learned a level 2 spell: Slow
   580 | D:1      | Learned a level 3 spell: Mephitic Cloud
   583 | D:1      | Learned a level 2 spell: Blink
   656 | D:1      | Reached skill level 3 in Conjurations
  1427 | D:2      | Reached XP level 4. HP: 27/27 MP: 3/8
  1829 | D:3      | Reached skill level 1 in Evocations
  1831 | D:3      | Reached skill level 4 in Conjurations
  2361 | D:3      | Reached XP level 5. HP: 31/31 MP: 2/9
  2715 | D:4      | Noticed a phantom
  2942 | D:4      | Found the +4 Vampire's Tooth {vamp}
  2952 | D:4      | Reached skill level 1 in Fighting
  2952 | D:4      | Reached skill level 1 in Poison Magic
  2952 | D:4      | Reached XP level 6. HP: 21/38 MP: 0/10
  3113 | D:4      | Noticed Robin
  3123 | D:4      | Killed Robin
  3123 | D:4      | Reached skill level 1 in Air Magic
  3135 | D:4      | Slain by a bullfrog skeleton

Skill      XL: |  1  2  3  4  5  6 |
---------------+-------------------+-----
Conjurations   | 2 3 4 |  4.0
Evocations     | 2 |  2.4
Stealth        | 3 |  3.4
Fighting       | 1 |  1.3
Poison Magic   | 1 |  1.1
Air Magic      | 1 |  1.0
Short Blades   | |  0.1
Maces & Flails | |  0.8
Dodging        | |  2.4
Spellcasting   | |  3.0
Summonings     | |  1.0
Translocations | |  1.0

Action                   |  1- 3 |  4- 6 || total
-------------------------+-------+-------++-------
Melee: Unarmed           |    31 |    17 ||    48
       Constrict         |     7 |    10 ||    17
       Tentacles         |     2 |     9 ||    11
       Flail             |       |     3 ||     3
       Dagger            |       |    26 ||    26
 Cast: Magic Dart        |    83 |   128 ||   211
  Use: Scroll            |       |     7 ||     7
 Stab: Sleeping          |     1 |       ||     1
  Eat: Chunk             |     1 |     5 ||     6
       Ration            |       |     2 ||     2
Armor: Skin              |     2 |     8 ||    10
Dodge: Dodged            |    48 |    60 ||   108
